 Dungeon Crawl Stone Soup version 0.26-a0-52-gd53d4cd058 (webtiles) character file.

Game seed: 11691656940503832802

680454 bmfx the Hoplite (level 27, -1/234 HPs)
             Began as a Formicid Summoner on June 6, 2020.
             Was the Champion of Ashenzari.
             Killed from afar by an orb of fire (34 damage)
             ... with a fireball
             ... on level 5 of the Realm of Zot.
             The game lasted 03:33:07 (75845 turns).

bmfx the Hoplite (Formicid Summoner)               Turns: 75845, Time: 03:33:07

Health: -1/234     AC: 39    Str: 26      XL:     27
Magic:  42/42      EV: 12    Int: 18 (20) God:    Ashenzari [******]
Gold:   6687       SH: 26    Dex: 12 (13) Spells: 25/56 levels left

rFire    + . .     SeeInvis +   a - +6 lajatang (flame) (curse)
rCold    + . .     Gourm    .   Y - +0 tower shield (curse)
rNeg     . . .     Faith    .   A - +0 gold dragon scales (curse)
rPois    +         Spirit   .   (helmet unavailable)
rElec    +         Reflect  .   x - +2 cloak (curse)
rCorr    .         Harm     .   Z - +2 pair of gloves {Dex+3} (curse)
MR       ++++.     Clarity  +   y - +2 pair of boots (curse)
Stlth    ..........             Q - necklace of Bloodlust {*Rage +Rage MR++ Int-3 Slay+6 *Curse} (curse)
HPRegen  0.49/turn              S - ring "Erphich" {*Slow Str+6 Dex-3 Slay+5 SInv} (curse)
MPRegen  0.28/turn              b - ring of Xom's Passing Interest {rElec Str-4 Int+4 Slay-3}

@: no status effects
A: permanent stasis, dig shafts and tunnels, four strong arms, antennae 3,
rugged brown scales 1, agile 1, clarity, clever 1, screaming 1
}: 4/15 runes: serpentine, barnacled, silver, abyssal
a: Dig, Shaft Self, Curse Item, Scrying, Transfer Knowledge, Renounce Religion


You were on level 5 of the Realm of Zot.
You worshipped Ashenzari.
Ashenzari was exalted by your worship.
You were full.

You visited 9 branches of the dungeon, and saw 49 of its levels.
You visited the Abyss 1 time.
You also visited: Gauntlet and Ice Cave.

You collected 11591 gold pieces.
You spent 4904 gold pieces at shops.


Innate Abilities, Weirdness & Mutations

You cannot be hasted, slowed, berserked, paralysed or teleported.
You can dig through walls and to a lower floor.
Your four strong arms can wield two-handed weapons with a shield.
You have a pair of large antennae on your head. (SInv)
You are partially covered in rugged brown scales. (AC +1, +3% HP)
You are agile. (Dex +2)
You possess an exceptional clarity of mind.
Your mind is acute. (Int +2)
You occasionally shout uncontrollably at your foes.

Dungeon Overview and Level Annotations

Branches:
Dungeon (15/15)            Temple (0/1) D:4            Lair (6/6) D:10
 Shoals (4/4) Lair:3        Snake (4/4) Lair:4        Slime (0/5) Lair:6
    Orc (2/2) D:9             Elf (3/3) Orc:2        Vaults (5/5) D:14
  Crypt (0/3) Vaults:2     Depths (5/5) D:15            Zot (5/5) Depths:5
  IceCv (visited)         Gauntlet (visited)

Altars:
Ashenzari
Dithmenos
Fedhas
Hepliaklqana
Kikubaaqudgha
Okawaru
Ru
Trog
Uskayaw
Vehumet
Xom
Yredelemnul
Beogh
Jiyva

Shops:
D:10 }   D:12 (   Orc:2 (*!}   Shoals:3 (   Snake:3 ==}   Vaults:3 (!*
Vaults:5 *   Depths:1 ![?!!

Portals:
Hell: Depths:1 Depths:2 Depths:3 Depths:4 Depths:5
Abyss: Depths:4
Pandemonium: Depths:3 Depths:4
Ziggurat: Depths:2
Trove: Elf:3 (give +3 gold dragon scales)

Annotations:
Zot:2 1 runed translucent door, acepyromaniac2's ghost, legendary MiBe


   Skills:
 + Level 21.1 Fighting
 - Level 18.0(21.7) Staves
 - Level 8.0 Throwing
 - Level 20.3(25.0) Armour
 - Level 12.0 Dodging
 - Level 2.4 Stealth
 - Level 22.9(25.0) Shields
 - Level 15.0 Spellcasting
 - Level 5.5(8.5) Hexes
 - Level 2.4(4.8) Charms
 - Level 15.4(18.0) Summonings
 - Level 12.3(15.0) Translocations
 - Level 7.0(10.1) Ice Magic
 - Level 6.0(9.1) Air Magic
 - Level 18.6(21.0) Evocations


You had 25 spell levels left.
You knew the following spells:

 Your Spells              Type           Power        Failure   Level  Hunger
j - Aura of Abjuration    Summ           ######....   1%          5    ####...
A - Spectral Weapon       Hex/Chrm       #####...     8%          3    None
B - Lesser Beckoning      Tloc           ######....   1%          3    None
C - Call Canine Familiar  Summ           ######..     1%          3    None
D - Summon Ice Beast      Ice/Summ       ######..     1%          4    None
E - Summon Lightning Spi  Summ/Air       ######..     1%          4    None
F - Call Imp              Summ           ######..     1%          2    None
G - Malign Gateway        Summ/Tloc      ######....   36%         7    #######

Your spell library contained the following spells:

 Spells                   Type           Power        Failure   Level  Hunger
 Freeze                   Ice            ####         1%          1    None
 Summon Small Mammal      Summ           ####         1%          1    None
 Ensorcelled Hibernation  Hex/Ice        #####.       1%          2    None
 Shroud of Golubria       Chrm/Tloc      #####.       1%          2    None
 Slow                     Hex            #####...     1%          2    None
 Frozen Ramparts          Ice            ######       1%          3    None
 Gell's Gravitas          Tloc           ######....   1%          3    None
 Portal Projectile        Hex/Tloc       ######       1%          3    None
 Recall                   Summ/Tloc      N/A          1%          3    None
 Summon Guardian Golem    Hex/Summ       ######..     1%          3    None
 Teleport Other           Tloc           ######..     1%          3    None
 Passage of Golubria      Tloc           N/A          1%          4    None
 Summon Demon             Summ           ######....   1%          5    ####...
 Summon Forest            Summ/Tloc      ######....   1%          5    ####...
 Confusing Touch          Hex            #####...     3%          3    None
 Shadow Creatures         Summ           N/A          3%          6    #####..
 Summon Mana Viper        Hex/Summ       ######..     4%          5    ####...
 Infusion                 Chrm           ####         5%          1    None
 Shock                    Conj/Air       ####         5%          1    None
 Ozocubu's Armour         Chrm/Ice       #####...     5%          3    None
 Song of Slaying          Chrm           ####....     8%          2    None
 Corpse Rot               Necr/Air       N/A          9%          2    None
 Poisonous Vapours        Pois/Air       ####..       9%          2    None
 Airstrike                Air            #####.....   9%          4    None
 Dispersal                Tloc           ######....   12%         6    #####..
 Static Discharge         Conj/Air       ####....     16%         3    None
 Iskenderun's Mystic Bla  Conj/Tloc      #####...     16%         4    None
 Dazzling Flash           Conj/Hex       ####..       19%         3    None
 Inner Flame              Hex/Fire       ####....     19%         3    None
 Summon Hydra             Summ           ######....   21%         7    #######
 Metabolic Englaciation   Hex/Ice        #####.....   22%         5    ####...
 Silence                  Hex/Air        #####.....   28%         5    ####...
 Mephitic Cloud           Conj/Pois/Air  ####....     30%         3    None
 Beastly Appendage        Tmut           ##....       32%         1    None
 Foxfire                  Conj/Fire      ##..         32%         1    None
 Magic Dart               Conj           ##..         32%         1    None
 Sandblast                Erth           ##....       32%         1    None
 Hailstorm                Conj/Ice       ####....     41%         4    None
 Ice Form                 Ice/Tmut       ####....     41%         4    None
 Sublimation of Blood     Necr           ###.......   43%         2    None
 Passwall                 Tmut/Erth      ##......     45%         2    None
 Searing Ray              Conj           ##....       45%         2    None
 Sticks to Snakes         Tmut           ##......     45%         2    None
 Fulminant Prism          Conj/Hex       ####......   52%         4    None
 Conjure Flame            Conj/Fire      ##......     69%         3    None
 Ignite Poison            Fire/Tmut/Pois ##......     69%         3    None
 Spider Form              Tmut/Pois      ##........   69%         3    None
 Stone Arrow              Conj/Erth      ##....       69%         3    None
 Lightning Bolt           Conj/Air       ####......   83%         5    ####...
 Yara's Violent Unravell  Hex/Tmut       ####......   86%         5    ####...
 Invisibility             Hex            #####...     87%         6    #####..
 Animate Dead             Necr           N/A          97%         4    None
 Dispel Undead            Necr           ###.....     97%         4    None
 Petrify                  Tmut/Erth      ##......     97%         4    None
 Sticky Flame             Conj/Fire      ##......     97%         4    None
 Excruciating Wounds      Chrm/Necr      ###.......   98%         5    ####...
 Freezing Cloud           Conj/Ice/Air   #####.....   99%         6    #####..
 Disjunction              Tloc           ######....   99%         8    #######
 Agony                    Necr           ###.....     100%        5    ####...
 Blade Hands              Tmut           ##........   100%        5    ####...
 Borgnjor's Vile Clutch   Necr/Erth      ##........   100%        5    ####...
 Fireball                 Conj/Fire      ##........   100%        5    ####...
 Irradiate                Conj/Tmut      ##........   100%        5    ####...
 Lee's Rapid Deconstruct  Erth           ##........   100%        5    ####...
 Conjure Ball Lightning   Conj/Air       ####......   100%        6    #####..
 Death Channel            Necr           ###.......   100%        6    #####..
 Eringya's Noxious Bog    Tmut/Pois      ##........   100%        6    #####..
 Hydra Form               Tmut           ##........   100%        6    #####..
 Simulacrum               Ice/Necr       ####......   100%        6    #####..
 Starburst                Conj/Fire      ##........   100%        6    #####..
 Statue Form              Tmut/Erth      ##.......    100%        6    #####..
 Dragon Form              Tmut           ##........   100%        7    #######
 Ring of Flames           Chrm/Fire      ###.......   100%        7    #######
 Spellforged Servitor     Conj/Summ      #####.....   100%        7    #######
 Ignition                 Fire           ###.......   100%        8    #######
 Dragon's Call            Summ           ######....   100%        9    #######
 Tornado                  Air            #####.....   100%        9    #######
 Blink                    Tloc           Unusable     N/A         2    N/A
 Swiftness                Chrm/Air       Unusable     N/A         2    N/A
 Controlled Blink         Tloc           Unusable     N/A         8    N/A

Action                   |  1- 3 |  4- 6 |  7- 9 | 10-12 | 13-15 | 16-18 | 19-21 | 22-24 | 25-27 || total
-------------------------+-------+-------+-------+-------+-------+-------+-------+-------+-------++-------
Melee: Dagger            |    42 |       |       |       |       |       |       |       |       ||    42
       Short sword       |    29 |    88 |       |       |       |       |       |       |       ||   117
       Lajatang          |       |    21 |   202 |   633 |  1263 |  1605 |  1727 |  1543 |  2721 ||  9715
Throw: Dart              |       |     4 |    11 |     9 |    23 |       |       |       |       ||    47
       Throwing net      |       |       |       |       |       |       |       |       |    20 ||    20
 Cast: Summon Small Mamm |    14 |       |       |       |       |       |       |       |       ||    14
       Call Imp          |    13 |     5 |    12 |     2 |       |     1 |       |       |       ||    33
       Call Canine Famil |       |     6 |    10 |    13 |     5 |     1 |       |       |       ||    35
       Summon Lightning  |       |       |     1 |     5 |    28 |     4 |       |     1 |       ||    39
       Spectral Weapon   |       |       |       |       |       |       |     1 |    16 |    13 ||    30
       Lesser Beckoning  |       |       |       |       |       |       |       |       |    18 ||    18
Invok: Curse Item        |     1 |     1 |       |     2 |       |     4 |     1 |     2 |     3 ||    14
       Scrying           |       |       |       |       |       |     1 |     1 |       |     3 ||     5
 Abil: Dig               |       |     6 |     5 |    13 |    12 |    20 |    31 |     7 |    56 ||   150
Evoke: Wand              |       |       |       |     3 |     8 |    33 |    16 |    10 |    51 ||   121
       Box of beasts     |       |       |       |       |     2 |       |       |       |       ||     2
       Lightning rod     |       |       |       |       |     4 |     6 |     7 |    18 |    20 ||    55
       Tin of tremorston |       |       |       |       |       |     2 |     1 |    17 |    16 ||    36
  Use: Scroll            |     1 |    18 |     3 |    10 |     7 |     3 |     3 |     5 |    14 ||    64
       Potion            |       |     1 |     1 |     3 |       |     7 |     3 |     1 |    46 ||    62
 Stab: Sleeping          |       |     3 |     1 |    10 |     1 |       |       |       |    16 ||    31
       Distracted        |       |     1 |     3 |     1 |     6 |     3 |     1 |     1 |     2 ||    18
       Paralysed         |       |       |       |       |    10 |     6 |       |       |     1 ||    17
       Petrified         |       |       |       |       |     1 |     4 |       |       |       ||     5
       Invisible         |       |       |       |       |       |     7 |       |       |       ||     7
       Petrifying        |       |       |       |       |       |     2 |       |       |       ||     2
       Held in net/web   |       |       |       |       |       |       |       |       |     4 ||     4
  Eat: Chunk             |     4 |    10 |     5 |    26 |    31 |    16 |    19 |    18 |    22 ||   151
       Ration            |       |     1 |     2 |     2 |     3 |     5 |     5 |     3 |    18 ||    39
Armor: Ring mail         |    34 |    10 |       |       |       |       |       |       |       ||    44
       Robe              |       |    19 |    48 |    89 |   114 |       |       |       |       ||   270
       Skin              |       |       |    16 |    23 |       |       |       |       |       ||    39
       Plate armour      |       |       |       |       |    96 |   198 |   282 |   344 |   197 ||  1117
       Scale mail        |       |       |       |       |    36 |       |       |       |       ||    36
       Chain mail        |       |       |       |       |       |   181 |       |       |       ||   181
       Gold dragon scale |       |       |       |       |       |       |       |       |   462 ||   462
Dodge: Dodged            |    50 |    50 |   105 |   410 |   819 |   500 |   265 |   367 |   436 ||  3002
Block: Buckler           |       |       |       |    10 |   207 |    63 |       |       |       ||   280
       Tower shield      |       |       |       |       |       |   710 |  1001 |  1166 |  2010 ||  4887

Skill      XL: |  1  2  3  4  5  6  7  8  9 10 11 12 13 14 15 16 17 18 19 20 21 22 23 24 25 26 27 |
---------------+----------------------------------------------------------------------------------+-----
Spellcasting   | 3 4 5 10 15 | 15.0
Summonings     | 5 6 7 8 9 15 | 15.4
Staves         | 2 3 4 5 8 9 10 12 13 14 16 18 | 18.0
Air Magic      | 4 6 |  6.0
Throwing       | 2 7 8 |  8.0
Fighting       | 4 6 10 13 14 15 17 18 19 20 21 | 21.1
Dodging        | 6 8 9 12 | 12.0
Evocations     | 3 5 7 9 10 15 16 18 | 18.6
Ice Magic      | 4 7 |  7.0
Shields        | 3 4 12 15 16 17 21 22 | 22.9
Armour         | 10 12 13 15 16 17 18 20 | 20.3
Hexes          | 3 5 |  5.5
Charms         | 1 2 |  2.4
Translocations | 12 | 12.3
Stealth        | |  2.4

Inventory:

Hand Weapons
 a - a cursed +6 lajatang of flaming (weapon)
 d - the +10 dark maul {vorpal}
   (You took it off a fire giant on level 4 of the Depths)

   It inflicts extra damage upon your enemies.
Missiles
 f - 10 throwing nets (quivered) {!f}
 i - 155 poisoned darts
 n - 5 curare-tipped darts
Armour
 x - a cursed +2 cloak (worn)
 y - a cursed +2 pair of boots (worn)
 A - cursed +0 gold dragon scales (worn)
 Y - a cursed +0 tower shield (worn)
 Z - a cursed +2 pair of gloves of dexterity (worn)
Jewellery
 b - the ring of Xom's Passing Interest (right hand) {rElec Str-4 Int+4 Slay-3}
   (You bought it in a shop on level 3 of the Snake Pit)

   [ring of strength]

   It affects your strength (-4).
   It affects your intelligence (+4).
   It affects your accuracy and damage with ranged weapons and melee attacks
   (-3).
   It insulates you from electricity.
 t - a +4 ring of slaying
 B - an uncursed amulet of the acrobat
 I - an uncursed ring of flight
 K - an uncursed ring of wizardry
 Q - the cursed necklace of Bloodlust (around neck) {*Rage +Rage MR++ Int-3 Slay+6 *Curse}
   (You took it off a deep elf sorcerer on level 5 of the Vaults)

   [amulet of nothing]

   It affects your intelligence (-3).
   It affects your accuracy and damage with ranged weapons and melee attacks
   (+6).
   It affects your resistance to hostile enchantments.
   It lets you go berserk.
   It may make you go berserk in combat.
   It curses itself when equipped.
   It has a curse placed upon it.
 S - the cursed ring "Erphich" (left hand) {*Slow Str+6 Dex-3 Slay+5 SInv}
   (You found it on level 1 of the Depths)

   [ring of strength]

   It affects your strength (+6).
   It affects your dexterity (-3).
   It affects your accuracy and damage with ranged weapons and melee attacks
   (+5).
   It lets you see invisible.
   It may slow you when you take damage.
   It has a curse placed upon it.
 W - an uncursed ring of resist corrosion
Wands
 e - a wand of clouds (7)
 E - a wand of paralysis (68)
 H - a wand of disintegration (45)
 N - a wand of acid (26)
 P - a wand of digging (23)
 R - a wand of enslavement (29)
Scrolls
 r - 4 scrolls of fear
 s - 12 scrolls of remove curse {@r4}
 v - 2 scrolls of magic mapping
 w - 3 scrolls of fog
 z - 3 scrolls of silence
 D - a scroll of immolation
 F - 31 scrolls of identify {@r3}
 O - 4 scrolls of vulnerability
 T - 3 scrolls of holy word
 U - 2 scrolls of summoning
Potions
 g - 6 potions of flight
 h - 12 potions of magic
 j - 2 potions of heal wounds {@q1}
 k - 11 potions of curing {@q2}
 m - 4 potions of stabbing
 p - 2 potions of might
 q - 5 potions of cancellation
 u - 7 potions of brilliance
 C - 12 potions of mutation
 G - 4 potions of ambrosia
Miscellaneous
 l - 2 phantom mirrors
 o - a phial of floods
 J - a lightning rod (4/4)
 M - a tin of tremorstones (3/3)
 X - 5 boxes of beasts
Comestibles
 c - 59 rations

...#..............#.#...##.......
...#..............+.#...##.......
...##...^.........###...##.......
....#.............##....##.......
....#.......).....#.....##.......
?...#.............#..............
....#.............#{{............
....#.....#######*#{{{...........
#####.....######@#{{{{{..........
****##########▓▓▓▓########.######
,,,,,,,,,....##▓▓▓#..............
,,,,,,,,,.....##▓▓##....{.......^
,,,,,,,,^......##▓▓#.............
,,,,,,,,,.......#▓▓##...........#
,,,,^,,,,.......#▓▓▓#.........8.#
,,,,,,,,,.....^.#▓▓##{{.....*8..#
,,,,,,,,,,,,,,,,* #.............


You could see an orb of fire (corroded).

Vanquished Creatures
  4 orbs of fire (Zot:5)
  6 ancient liches
  Mennas (Depths:3)
  3 juggernauts
  Sojobo (Vaults:5)
  7 Killer Klowns (Zot:5)
  Margery (Depths:3)
  Bai Suzhen (Vaults:5)
  Saint Roka (Orc:2)
  2 caustic shrikes
  4 curse toes
  11 golden dragons
  the Enchantress (Depths:2)
  A starcursed mass (Abyss:3)
  A bone dragon (Depths:5)
  4 electric golems
  Jorgrun (Snake:2)
  20 tentacled monstrosities
  Rupert (D:15)
  6 liches
  7 titans
  5 quicksilver dragons
  3 deep elf blademasters
  2 deep elf master archers (Elf:3)
  15 Orb Guardians (Zot:5)
  Polyphemus (Shoals:2)
  A tentacled starspawn (Abyss:3)
  Kirke (D:14)
  5 death cobs
  The ghost of Iwijif the Fencer, an adept DsBe of Trog (Snake:3)
  6 sphinxes
  12 storm dragons
  10 tengu reavers
  6 draconian monks
  9 shadow dragons
  4 thorn hunters (Depths:2)
  Donald (Snake:2)
  8 nagarajas (Snake:4)
  7 fire giants
  Roxanne (Snake:4)
  5 ghost moths
  7 frost giants
  3 iron dragons
  Aizul (Snake:2)
  A balrug (Depths:3)
  An emperor scorpion (D:14)
  A draconian knight (Zot:5)
  12 vault wardens
  8 deep elf sorcerers
  4 draconian shifters
  3 draconian scorchers
  4 deep elf elementalists
  4 draconian stormcallers
  4 spriggan defenders
  A ghoul (Vaults:5)
  2 draconian annihilators
  12 ironheart preservers
  12 vampire knights
  34 stone giants
  21 very ugly things
  4 war gargoyles
  12 green draconians
  5 entropy weavers
  7 black draconians
  13 deep elf annihilators
  7 white draconians
  7 deep elf demonologists
  16 purple draconians
  A dire elephant (Depths:2)
  14 yellow draconians
  10 red draconians
  2 spark wasps
  10 deep elf death magi
  4 merfolk javelineers
  Snorg (D:14)
  A blizzard demon (Depths:4)
  4 deep elf high priests
  Josephine (Shoals:1)
  11 ettins
  10 fire dragons
  10 merfolk impalers
  23 yaktaur captains
  Fannar (D:10)
  8 great orbs of eyes
  9 ice dragons
  4 hydras
  6 rakshasas
  2 monstrous demonspawn (Depths:3)
  36 vault guards
  4 spriggan air magi
  6 catoblepae
  3 death knights
  41 two-headed ogres
  12 centaur warriors
  A shambling mangrove (Depths:2)
  10 merfolk avatars
  12 anacondas
  15 naga warriors
  6 satyrs
  An alligator (Vaults:2)
  3 vampire magi
  A merfolk aquamancer (Shoals:4)
  2 alligator snapping turtles (Shoals:1)
  7 deep troll earth magi
  8 spriggan berserkers
  3 tengu warriors
  9 death yaks
  11 deep troll shamans
  10 ogre magi
  26 dancing weapons
  5 orc high priests
  11 shock serpents
  A spriggan (Depths:5)
  3 thrashing horrors (Abyss:3)
  6 hell knights
  10 naga sharpshooters
  2 soul eaters (Depths:4)
  A sun demon (Depths:4)
  A wretched star (Abyss:3)
  6 iron trolls
  24 deep elf knights
  8 skeletal warriors
  A storm dragon skeleton (Depths:2)
  A fire crab (shapeshifter) (Vaults:2)
  A shadow wraith (Vaults:3)
  3 salamander mystics
  12 sea snakes
  An unseen horror (shapeshifter) (Depths:4)
  The ghost of MisterFreud the Carver, a novice OpGl of Cheibriados (D:7)
  An unseen horror (Vaults:1)
  5 flayed ghosts
  27 deep trolls
  A swamp dragon (Abyss:3)
  10 naga ritualists
  A swamp dragon (shapeshifter) (D:14)
  An orange crystal statue (Depths:1)
  5 wizards
  A harpy (shapeshifter) (Depths:4)
  21 deep elf archers
  4 glowing orange brains
  16 ironbrand convokers
  20 orc knights
  4 small abominations
  A wolf spider zombie (D:15)
  7 mana vipers
  22 harpies
  7 phantasmal warriors
  2 necromancers
  5 oklob plants
  5 orc sorcerers
  3 wolf spiders
  66 deep elf magi
  A shining eye (shapeshifter) (Vaults:1)
  30 ugly things
  3 fauns
  A worldbinder (Abyss:3)
  31 naga magi
  A moth of wrath (shapeshifter) (Depths:4)
  A stone giant skeleton (Depths:2)
  2 cyclopes
  13 salamanders
  7 elephants
  23 moths of wrath
  A salamander (shapeshifter) (Vaults:2)
  18 manticores
  5 guardian serpents
  2 smoke demons
  An apocalypse crab (Abyss:3)
  11 merfolk sirens
  A guardian serpent (shapeshifter) (D:14)
  12 vault sentinels
  39 black mambas
  2 eyes of devastation (shapeshifter)
  A black mamba (shapeshifter) (D:13)
  9 spiny frogs
  6 water nymphs
  2 gargoyles (D:13)
  3 freezing wraiths
  3 kobold demonologists (D:12)
  An anaconda simulacrum (IceCv)
  5 komodo dragons
  2 ice devils
  4 ancient zymes
  A redback zombie (D:14)
  45 yaktaurs
  2 guardian mummies (Elf:3)
  A jumping spider (Vaults:2)
  A meliai (shapeshifter) (Vaults:3)
  2 merfolk (shapeshifter)
  4 polar bears
  2 queen bees (shapeshifter)
  6 wind drakes
  A harpy zombie (D:15)
  7 hornets
  9 trolls
  A tyrant leech (shapeshifter) (Vaults:5)
  34 merfolk
  A spriggan zombie (Depths:2)
  8 hippogriffs
  A raiju (shapeshifter) (Depths:4)
  14 snapping turtles
  23 slime creatures
  4 dream sheep (Shoals:4)
  11 blink frogs
  2 hippogriffs (shapeshifter)
  An ettin zombie (Depths:2)
  2 shadows (D:14)
  4 redbacks
  11 water elementals
  2 tarantellas
  A vampire (D:15)
  3 wyverns
  2 air elementals
  4 hogs (D:14)
  6 wraiths
  44 yaks
  4 basilisks
  Grum (D:9)
  5 fire elementals
  A hog (shapeshifter) (Vaults:2)
  6 vampire mosquitoes (D:15)
  A neqoxec (Depths:3)
  A chaos spawn (Abyss:3)
  2 hungry ghosts
  Menkaure (D:7)
  A swamp worm (shapeshifter) (Depths:4)
  2 iron troll simulacra (IceCv)
  A warg (Orc:1)
  2 harpy simulacra (IceCv)
  47 nagas
  3 soldier ants
  5 acid dragons
  A floating eye (Depths:4)
  9 water moccasins
  2 hydra simulacra (IceCv)
  2 sky beasts
  7 porcupines
  58 orc warriors
  2 eyes of draining
  5 black bears
  5 ice beasts
  An ettin simulacrum (IceCv)
  A hornet zombie (D:9)
  7 phantoms
  3 necrophages
  47 ogres
  21 centaurs
  A snapping turtle zombie (Abyss:2)
  11 wolves
  23 boggarts
  16 crocodiles
  4 big kobolds
  19 bullfrogs
  2 earth elementals
  2 glowing shapeshifter simulacra
  A wyvern zombie (D:13)
  4 scorpions
  2 water moccasin skeletons
  11 killer bees
  2 howler monkeys
  12 wights
  An electric eel (Lair:6)
  4 crimson imps
  A draconian simulacrum (IceCv)
  A bullfrog zombie (D:11)
  A quasit (D:6)
  6 centaur zombies
  An iron imp (Depths:4)
  29 orc priests
  28 orc wizards
  6 centaur skeletons
  3 jellies
  2 bullfrog skeletons
  5 hounds
  5 iguanas
  Jessica (D:2)
  13 worker ants
  Natasha (D:4)
  A polar bear simulacrum (IceCv)
  A lightning spire (Zot:3)
  2 spriggan simulacra (IceCv)
  3 troll simulacra (IceCv)
  A wolf simulacrum (IceCv)
  2 centaur simulacra (IceCv)
  A howler monkey zombie (D:8)
  9 gnolls
  5 naga simulacra (IceCv)
  10 adders
  An ogre simulacrum (IceCv)
  3 shadow imps
  2 white imps (IceCv)
  6 ufetubi (IceCv)
  An ooze (D:4)
  An adder skeleton (D:6)
  An adder zombie (D:5)
  A dart slug (D:3)
  2 leopard geckos (D:10)
  125 orcs
  4 bats
  4 giant cockroaches
  4 goblins
  3 hobgoblins
  13 jackals
  20 kobolds
  4 quokkas
  2 frilled lizards
  A giant cockroach zombie (D:5)
  A leopard gecko skeleton (D:6)
  3 rats
  A butterfly (Lair:1)
  A crawling corpse (Vaults:4)
  A fungus (Lair:5)
  2 starspawn tentacles (Abyss:3)
2300 creatures vanquished.

Vanquished Creatures (collateral kills)
  Nikola (Snake:4)
  A hydra (Lair:6)
  A naga sharpshooter (Snake:4)
  A shock serpent (Snake:2)
  2 skeletal warriors (D:12)
  An unseen horror (D:12)
  An ugly thing (D:12)
  2 elephants
  3 black mambas
  A spiny frog (Lair:5)
  2 komodo dragons
  A wyvern (D:12)
  A vampire mosquito (D:15)
  A naga (Lair:4)
  A black bear (D:6)
  2 ogres
  2 wolves (Lair:6)
  A bullfrog (D:15)
  A crimson imp (D:7)
  Crazy Yiuf (D:6)
  Terence (D:2)
  An orc wizard (D:2)
  4 gnolls
  2 adders (D:2)
  4 orcs (D:2)
  A giant cockroach (D:1)
  2 goblins (D:1)
  6 hobgoblins
  A jackal (D:6)
  3 kobolds
  2 frilled lizards (D:1)
  A rat (D:1)
  A fungus (D:6)
56 creatures vanquished.

Vanquished Creatures (others)
  A golden dragon (Zot:1)
  Asterion (Snake:4)
  A draconian monk (Zot:2)
  A draconian scorcher (Zot:2)
  A draconian knight (Zot:2)
  A draconian shifter (Zot:2)
  A draconian stormcaller (Zot:5)
  A draconian annihilator (Zot:2)
  A deep elf demonologist (Elf:3)
  2 black draconians (Zot:2)
  5 red draconians
  A yellow draconian (Zot:2)
  An ogre mage (Vaults:3)
  2 anacondas
  A deep elf mage (Elf:2)
  A moth of wrath (Zot:2)
  A golden dragon simulacrum (IceCv)
  A human (D:14)
  A small abomination (Abyss:3)
  8 fungi
  A lurking horror (Abyss:3)
  74 plants
  13 spectral weapons
  A starspawn tentacle (Abyss:3)
  2 withered plants (Gauntlet)
124 creatures vanquished.

Grand Total: 2480 creatures vanquished

Levels and vault maps discovered:
D:1:      minmay_arrival_open_corners, layout_loops_ring, serial_bayou_pond_b,
          ashenzari_altar_1
D:2:      layout_basic, minmay_overflow_temple_star_hex, serial_glass,
          glass_columns_a, glass_columns_b, item_on_display_a,
          item_on_display_a, uniq_terence, uniq_jessica
D:3:      layout_basic, first_ration
D:4:      layout_cave_pools, minmay_temple_entry_nine_rooms, uniq_natasha
D:5:      layout_loops_ring
D:6:      layout_rooms, uniq_crazy_yiuf_cottage
D:7:      layout_basic, nicolae_overflow_crystal_walls,
          ebering_ghost_inner_flame, kennysheep_donut,
          okawaru_ov_weapons_minmay, uniq_menkaure
D:8:      layout_loops_ring, lemuel_doored_altar, kennysheep_mini, uniq_erica
D:9:      wad_guarded_room, layout_long_grid, orc_0_dummy, uniq_grum
D:10:     layout_basic, due_lair_maze_entry_diamond, serial_shops, shop,
          uniq_fannar
D:11:     layout_long_grid
D:12:     layout_rooms, serial_shops, shop
D:13:     layout_cave_pools, hangedman_pestilent_swarm
D:14:     layout_layer_cave, lightli_vaults_fourway_checkpoint,
          nicolae_ru_path_of_blood, drop_trap, uniq_kirke, uniq_snorg
D:15:     grunt_enter_depths_snipers, layout_irregular_city,
          serial_bayou_pond_b, gauntlet_entry_generic,
          minmay_guarded_unrand_wrath_of_trog, uniq_rupert
Lair:1:   layout_hall_layers, lemuel_fruit_fields
Lair:2:   layout_cave_pods, lemuel_fruit_tree
Lair:3:   layout_roguey, minmay_shoals_entry_hut
Lair:4:   layout_gridlike, minmay_snake_entry_guardpost_small,
          chequers_serial_rivers_small_b, dpeg_oklob_1, grunt_megastairs_5
Lair:5:   layout_roguey, beast_lair_carwin_3, minmay_lair_oklob_chamber,
          serial_bayou_shore_a, lemuel_fruit_fields
Lair:6:   grunt_lair_end_beastmaster, layout_regular_city, slime_altar_1,
          nicolae_quartered_pool_medium, lemuel_old_faithful,
          infiniplex_staircase_pool
Shoals:1: layout_shoals, hangedman_feature_mirror, uniq_josephine
Shoals:2: nicolae_shoals_island_circles, layout_shoals, uniq_polyphemus
Shoals:3: layout_shoals, serial_shops, nicolae_shop_competitors_out_of_business,
          argonaut_gorgonesque
Shoals:4: shoals_end_simple, layout_shoals
Snake:1:  layout_honeycomb
Snake:2:  layout_onion, nicolae_snake_linked_coils, uniq_aizul, uniq_donald,
          uniq_jorgrun
Snake:3:  layout_rooms, gammafunk_ghost_split, minmay_shop_grove
Snake:4:  snake_pit, layout_cave_town, uniq_roxanne, uniq_nikola, uniq_asterion
Orc:1:    layout_caves, basic_altar
Orc:2:    pubby_orc_utopia, serial_shops
Elf:1:    layout_gridlike, portal_ice_cave_entry_pillars_1,
          hangedman_elf_disciples, minmay_misc_feat_alley, minmay_misc_feat_rows
Elf:2:    layout_loops_ring, minmay_strange_pillars
Elf:3:    elf_hall, layout_loops_cross, nicolae_trove_entry_path_of_doom
Vaults:1: vaults_standard_mumra_x, hangedman_vaults_nails,
          grunt_vaults_diagonal, ontoclasm_vaults_claustrophobia, v_misc_5,
          grunt_vaults_funnel, nicolae_vaults_murderbox, layout_vaults_omnigrid
Vaults:2: nicolae_vaults_twisting_passages, nicolae_vaults_arrows,
          hangedman_vaults_corner, ontoclasm_vaults_chip, ontoclasm_vaults_eye,
          layout_vaults_chaotic_city
Vaults:3: v_misc_18, hangedman_vaults_hard_town_square,
          ontoclasm_vaults_decontamination, nicolae_vaults_little_squares_2,
          v_misc_11, ontoclasm_vaults_bender, v_misc_26, ontoclasm_vaults_idyll,
          nicolae_vaults_network_quinsquares
          [nicolae_vaults_network_quincunx_subvault,
          nicolae_vaults_network_quincunx_subvault,
          nicolae_vaults_network_quincunx_subvault,
          nicolae_vaults_network_quincunx_subvault], hangedman_vaults_maws,
          nicolae_vaults_network_barrier, ontoclasm_vaults_gateway,
          nicolae_vaults_theta, ontoclasm_vaults_twist,
          layout_vaults_maze_snakey
Vaults:4: v_misc_32, v_misc_25, vaults_standard_mumra_enter_the_diamond,
          nicolae_vaults_know_your_exits, vaults_dpeg_ring,
          ontoclasm_vaults_hangar, nicolae_vaults_bisected_slash,
          hangedman_vaults_unwind, v_misc_19, ontoclasm_vaults_pinch,
          nicolae_vaults_little_squares_4, v_rooms_1, vaults_room_large_hall,
          v_misc_9, nicolae_vaults_yaktaur_gun_rack, layout_vaults_ring
Vaults:5: uniq_sojobo, uniq_bai_suzhen
Depths:1: layout_cave_shapes, serial_shops, shop, shop, nicolae_shop_stone,
          nicolae_shop_statue_plus, shop, hell_entry, minmay_hedge_maze,
          nrook_mini_backslash, minivault_15, minmay_misc_feat_encased,
          nzn_random_ring
Depths:2: grunt_forest_end_shrine, layout_twisted_cross, enter_ziggurat_b,
          hell_entry, serial_glass, glass_columns_a, glass_columns_c,
          hangedman_decor_push, serial_bayou_lagoon_a, nrook_campfire,
          infiniplex_staircase_pool_1
Depths:3: nicolae_whirlpool, layout_basic, rand_demon_pan_entry_8,
          roderic_lattice_a, hell_entry, minmay_st_funbox,
          minmay_guarded_unrand_vampires_tooth, infiniplex_staircase_pool_2,
          uniq_mennas, uniq_margery
Depths:4: kennysheep_treasure_stockpile, layout_basic, grunt_hell_entry_dis_old,
          columned_hall_lemuel, serial_sigils, serial_sigils_hangedman_gnaw,
          serial_sigils_hangedman_carve, serial_sigils_hangedman_scratch,
          abyss_entry, rand_demon_pan_entry_7, grunt_tough_drop
Depths:5: grunt_crosshair, layout_cave_shapes, hell_entry, corexii_corridor_pit,
          minmay_multi_spiral
Zot:1:    layout_twisted_circle, grunt_ministairs_15
Zot:2:    layout_gridlike, ebering_ghost_xom, nrook_zot_tub, grunt_megastairs_4
Zot:3:    layout_basic, amethyst_zot_foddershock
Zot:4:    layout_twisted_circle, hangedman_elemental_corridor
Zot:5:    layout_basic, basic_altar


Message History

Evoke which item? (* to show all) (? for menu, Esc to quit)
Aiming: Corrosive Bolt
Press: ? - help, Shift-Dir - straight line, f/p - orb of fire
Aim: an orb of fire (moderately damaged)
The bolt of acid hits the orb of fire!
The orb of fire is splashed with acid!
The acid corrodes the orb of fire!
The orb of fire is heavily damaged.
The orb of fire glows red.
Strange energies course through your body.
Your thoughts seem clearer.
Evoke which item? (* to show all) (? for menu, Esc to quit)
Aiming: Corrosive Bolt
Press: ? - help, Shift-Dir - straight line, f/p - orb of fire
Aim: an orb of fire (heavily damaged, covered in acid)
The bolt of acid hits the orb of fire!
The orb of fire is splashed with acid!
The orb of fire seems to be corroded for longer.
The orb of fire is severely damaged.
The orb of fire glows red.
The fireball explodes!
The fireball engulfs you!! You resist.
You die...

Notes
Turn   | Place    | Note
-------+----------+-------------------------------------------
     0 | D:1      | bmfx the Formicid Summoner began the quest for the Orb.
     0 | D:1      | Reached XP level 1. HP: 13/13 MP: 3/3
   623 | D:1      | Reached XP level 2. HP: 13/19 MP: 5/5
   637 | D:1      | Learned a level 2 spell: Call Imp
   754 | D:1      | Found a shattered altar of Ashenzari.
   759 | D:1      | bmfx: alright, this is a sign
   759 | D:1      | bmfx: i haven't had ash games for too long
   762 | D:1      | Became a worshipper of Ashenzari the Shackled
  1179 | D:1      | p0werm0de: ash is gud
  1180 | D:1      | p0werm0de: exec axe online with ash curse
  1403 | D:2      | Reached XP level 3. HP: 24/24 MP: 7/7
  1437 | D:2      | Found a radiant altar of Vehumet.
  1440 | D:2      | Found a hide-covered altar of Uskayaw.
  1441 | D:2      | Found a shadowy altar of Dithmenos.
  1448 | D:2      | Found an ancient bone altar of Kikubaaqudgha.
  1451 | D:2      | Found a basalt altar of Yredelemnul.
  1866 | D:2      | Noticed Terence
  1903 | D:2      | Killed Terence
  1903 | D:2      | Reached XP level 4. HP: 25/30 MP: 8/8
  1908 | D:2      | Learned a level 3 spell: Call Canine Familiar
  1994 | D:2      | Noticed Jessica
  2022 | D:2      | Killed Jessica
  2094 | D:2      | Reached skill level 5 in Summonings
  2094 | D:2      | Reached XP level 5. HP: 35/35 MP: 10/10
  2335 | D:2      | bmfx: more sings %)
  2526 | D:3      | Reached * piety under Ashenzari
  3760 | D:4      | bmfx: hmm
  3760 | D:4      | vt: dang
  3767 | D:4      | vt: nice weapn
  3767 | D:4      | Reached XP level 6. HP: 26/41 MP: 12/12
  3977 | D:4      | Reached ** piety under Ashenzari
  4055 | D:4      | Noticed Natasha
  4074 | D:4      | Killed Natasha
  4203 | D:4      | Found a staircase to the Ecumenical Temple.
  4374 | D:5      | Entered Level 5 of the Dungeon
  4384 | D:5      | Reached skill level 1 in Staves
  4599 | D:5      | Noticed an ogre
  5167 | D:6      | Noticed an ice beast
  5167 | D:6      | Noticed an ogre
  5199 | D:5      | Killed an ogre
  5199 | D:5      | Reached XP level 7. HP: 46/46 MP: 13/13
  5569 | D:6      | Learned a level 4 spell: Summon Lightning Spire
  5574 | D:6      | Learned a level 4 spell: Summon Ice Beast
  5880 | D:6      | Reached XP level 8. HP: 46/52 MP: 14/14
  5967 | D:6      | Reached skill level 1 in Air Magic
  6140 | D:6      | Found a runed translucent door.
  6141 | D:6      | Noticed Crazy Yiuf
  6379 | D:6      | Killed Crazy Yiuf
  6454 | D:7      | Reached skill level 1 in Throwing
  6532 | D:7      | Found a shimmering altar of Xom.
  6540 | D:7      | Found a runed translucent door.
  6614 | D:7      | Found an iron altar of Okawaru.
  6665 | D:7      | Reached XP level 9. HP: 57/57 MP: 15/15
  6791 | D:7      | Noticed Menkaure
  6845 | D:7      | Noticed MisterFreud's ghost (novice OpGl)
  7439 | D:8      | Reached skill level 5 in Staves
  7525 | D:8      | p0werm0de: so combo not cursed anymore!!
  7537 | D:8      | p0werm0de: LUCK IS A SKILL TOO *
  7537 | D:8      | p0werm0de: *scrn
  7537 | D:8      | bmfx: just needed to pick ash, that's all
  7657 | D:8      | Noticed a troll
  7676 | D:8      | Killed a troll
  7676 | D:8      | Reached skill level 5 in Air Magic
  7898 | D:8      | Reached skill level 1 in Fighting
  8238 | D:8      | Found a hazy altar of Hepliaklqana.
  8310 | D:8      | Reached XP level 10. HP: 71/71 MP: 16/16
  8525 | D:8      | Found a blossoming altar of Fedhas.
  8559 | D:8      | Noticed a two-headed ogre
  8596 | D:8      | Reached *** piety under Ashenzari
  8632 | D:8      | Reached skill level 5 in Fighting
  8930 | D:9      | Noticed Grum
  8942 | D:9      | Killed Grum
  9141 | D:9      | Found a staircase to the Orcish Mines.
  9545 | D:9      | Reached skill level 5 in Dodging
 10162 | D:10     | Entered Level 10 of the Dungeon
 10319 | D:10     | Found Xutel's Gadget Shoppe.
 10327 | D:10     | Bought a wand of clouds (4) for 312 gold pieces
 10327 | D:10     | Bought a wand of paralysis (9) for 143 gold pieces
 10392 | D:10     | Reached skill level 1 in Evocations
 10622 | D:10     | Noticed Fannar
 10736 | D:10     | Reached XP level 11. HP: 80/80 MP: 17/17
 11124 | D:10     | Found a staircase to the Lair.
 11907 | D:11     | Reached **** piety under Ashenzari
 12489 | Lair:1   | Entered Level 1 of the Lair of Beasts
 12932 | Lair:1   | Reached skill level 10 in Fighting
 12942 | Lair:1   | Reached skill level 5 in Evocations
 13068 | Lair:1   | Reached XP level 12. HP: 96/96 MP: 18/18
 13776 | Lair:1   | Reached ***** piety under Ashenzari
 15378 | Lair:3   | Reached skill level 1 in Ice Magic
 15634 | Lair:3   | Reached skill level 1 in Shields
 15874 | Lair:3   | Reached skill level 5 in Spellcasting
 16216 | Lair:4   | Reached skill level 2 in Shields
 16524 | Lair:4   | Found a staircase to the Snake Pit.
 16649 | Lair:4   | Noticed a seven-headed hydra
 16836 | Lair:4   | Reached skill level 3 in Shields
 16976 | Lair:4   | Noticed a four-headed hydra
 17191 | Lair:4   | Killed a four-headed hydra
 17191 | Lair:4   | Reached XP level 13. HP: 103/103 MP: 21/21
 17685 | Lair:5   | Reached skill level 5 in Ice Magic
 17937 | Lair:5   | Noticed an eight-headed hydra
 17948 | Lair:5   | Killed an eight-headed hydra
 18358 | Lair:6   | Entered Level 6 of the Lair of Beasts
 18358 | Lair:6   | Found a staircase to the Slime Pits.
 18358 | Lair:6   | Found a viscous altar of Jiyva.
 19122 | Lair:6   | Reached ****** piety under Ashenzari
 19575 | Lair:6   | Reached skill level 10 in Spellcasting
 19629 | Lair:6   | Noticed a catoblepas
 19661 | Lair:6   | Killed a catoblepas
 19740 | Lair:6   | Reached XP level 14. HP: 95/110 MP: 21/28
 20207 | D:7      | Killed MisterFreud's ghost
 20212 | D:7      | Got the uncursed scale mail "Jitrept" {MR++ Dex-5}
 20223 | D:7      | Identified the +0 scale mail "Jitrept" {MR++ Dex-5} (You
                  | found it on level 7 of the Dungeon)
 20264 | D:7      | Killed Menkaure
 20818 | D:12     | Reached skill level 10 in Dodging
 21270 | D:12     | Found Tesotewe's Weapon Boutique.
 22774 | D:14     | Noticed Snorg
 22814 | D:14     | Killed Snorg
 22997 | D:14     | Reached XP level 15. HP: 115/115 MP: 29/29
 23020 | D:14     | Reached skill level 1 in Armour
 23809 | D:14     | Found a sacrificial altar of Ru.
 24168 | D:15     | Entered Level 15 of the Dungeon
 24267 | D:15     | Found a gate leading to a gauntlet.
 24285 | Gauntlet | Entered a Gauntlet
 24285 | Gauntlet | Found a transporter.
 24285 | Gauntlet | Found a transporter.
 24285 | Gauntlet | Noticed a reaper
 24372 | Gauntlet | Found a transporter.
 24376 | Gauntlet | Found a transporter.
 24386 | Gauntlet | Found a transporter.
 24417 | Gauntlet | Found a transporter.
 24423 | Gauntlet | Found a transporter.
 24431 | Gauntlet | Found a transporter.
 24456 | Gauntlet | Found a transporter.
 24471 | Gauntlet | Found a transporter.
 24496 | Gauntlet | Found a transporter.
 24514 | Gauntlet | Found a transporter.
 24714 | D:15     | Found a staircase to the Depths.
 25256 | Orc:1    | Entered Level 1 of the Orcish Mines
 25593 | Orc:2    | Entered Level 2 of the Orcish Mines
 25608 | Orc:2    | Reached skill level 5 in Armour
 25715 | Orc:1    | Found a bloodstained altar of Trog.
 26590 | Orc:2    | Found Xatoups's Weapon Boutique.
 26625 | Orc:2    | Found a roughly hewn altar of Beogh.
 26683 | Orc:2    | Reached skill level 4 in Shields
 26809 | Orc:2    | Found Zipnah's General Store.
 27248 | Orc:2    | Found a staircase to the Elven Halls.
 27312 | Orc:2    | Identified the cursed ring "Juekow" {+Blink rPois rC+ AC-4}
 27926 | Orc:2    | Noticed Saint Roka
 27959 | Orc:2    | Killed Saint Roka
 27999 | Orc:2    | Found a roughly hewn altar of Beogh.
 28109 | Orc:2    | Reached skill level 10 in Armour
 28118 | Orc:2    | Found Vonwoxer's Gadget Boutique.
 28155 | Orc:2    | Bought a wand of acid (5) for 234 gold pieces
 28155 | Orc:2    | Bought a wand of acid (6) for 260 gold pieces
 28329 | Orc:2    | Found Asono's Distillery.
 28371 | Orc:2    | Bought 2 potions of heal wounds for 130 gold pieces
 28371 | Orc:2    | Bought a potion of heal wounds for 65 gold pieces
 28371 | Orc:2    | Bought a potion of heal wounds for 65 gold pieces
 28371 | Orc:2    | Bought a potion of might for 52 gold pieces
 28371 | Orc:2    | Bought a potion of curing for 39 gold pieces
 28371 | Orc:2    | Bought a potion of invisibility for 104 gold pieces
 28409 | Orc:2    | Reached XP level 16. HP: 122/122 MP: 30/30
 28553 | D:10     | Bought a wand of disintegration (16) for 260 gold pieces
 28553 | D:10     | Bought a wand of clouds (5) for 351 gold pieces
 28788 | Snake:1  | Entered Level 1 of the Snake Pit
 30138 | Snake:2  | Noticed Jorgrun
 30333 | Snake:2  | Noticed Aizul
 30349 | Snake:2  | Killed Aizul
 30604 | Snake:2  | Noticed Donald
 30611 | Snake:2  | Killed Jorgrun
 30616 | Snake:2  | Killed Donald
 31465 | Snake:3  | Reached XP level 17. HP: 138/138 MP: 31/31
 31541 | Snake:3  | Found Buwaov's Jewellery Boutique.
 31543 | Snake:3  | Found Difieg's Gadget Shoppe.
 31544 | Snake:3  | Found Gecixkia's Jewellery Boutique.
 32132 | Snake:3  | Reached skill level 5 in Shields
 32286 | Snake:3  | Reached skill level 6 in Shields
 32515 | Snake:3  | Noticed Iwijif's ghost (adept DsBe)
 32516 | Snake:3  | Found a runed translucent gate.
 32516 | Snake:3  | Found a runed translucent gate.
 32516 | Snake:3  | Found a runed translucent gate.
 32724 | Snake:4  | Entered Level 4 of the Snake Pit
 32724 | Snake:4  | Noticed Nikola
 32756 | Snake:4  | Killed Nikola
 32756 | Snake:4  | Reached skill level 7 in Shields
 32772 | Snake:4  | Reached skill level 8 in Shields
 32850 | Snake:4  | Reached skill level 9 in Shields
 33067 | Snake:4  | Noticed Roxanne
 33241 | Snake:4  | Reached skill level 10 in Shields
 33528 | Snake:4  | Reached skill level 11 in Shields
 34166 | Lair:4   | Reached skill level 12 in Shields
 34212 | Lair:3   | Found a staircase to the Shoals.
 34232 | Shoals:1 | Entered Level 1 of the Shoals
 34319 | Shoals:1 | Noticed Josephine
 34334 | Shoals:1 | Killed Josephine
 34334 | Shoals:1 | Reached XP level 18. HP: 142/147 MP: 32/32
 34396 | Shoals:1 | Found an ancient bone altar of Kikubaaqudgha.
 34465 | Shoals:1 | Learned a level 3 spell: Spectral Weapon
 34532 | Shoals:1 | Found a shattered altar of Ashenzari.
 34576 | Shoals:1 | Reached skill level 1 in Hexes
 34645 | Shoals:1 | Reached skill level 1 in Charms
 35009 | Shoals:1 | Reached skill level 13 in Shields
 35381 | Shoals:2 | Noticed Polyphemus
 35436 | Shoals:2 | Killed Polyphemus
 35490 | Shoals:2 | Reached skill level 14 in Shields
 36117 | Shoals:3 | Found Zielaol's Weapon Shop.
 36490 | Shoals:3 | Reached skill level 15 in Shields
 36877 | Shoals:4 | Entered Level 4 of the Shoals
 37623 | Shoals:4 | Reached XP level 19. HP: 148/154 MP: 33/33
 37710 | Shoals:4 | Reached skill level 15 in Fighting
 37771 | Shoals:4 | Identified a scroll of acquirement
 37807 | Shoals:4 | Identified the ring of Pufrej {+Fly MP+9}
 38475 | Shoals:4 | Got a barnacled rune of Zot
 38724 | Snake:3  | Bought the amulet "Beappyle" {Spirit MR+} for 596 gold
                  | pieces
 38801 | Snake:3  | Killed Iwijif's ghost
 38829 | Snake:3  | Reached skill level 10 in Evocations
 39009 | Snake:4  | Killed Roxanne
 39132 | Snake:4  | Noticed Asterion
 39153 | Snake:4  | Killed Asterion
 39240 | Snake:4  | Reached skill level 10 in Staves
 39419 | Snake:4  | Got a serpentine rune of Zot
 39871 | D:10     | Killed Fannar
 40152 | D:14     | Reached XP level 20. HP: 164/164 MP: 34/34
 40209 | D:14     | Noticed Kirke
 40225 | D:14     | Killed Kirke
 40295 | D:14     | Found a gate to the Vaults.
 40615 | D:15     | Noticed Rupert
 40647 | D:15     | Killed Rupert
 40858 | D:15     | Found the +8 Wrath of Trog {antimagic, *Rage}
 41118 | Elf:1    | Entered Level 1 of the Elven Halls
 41126 | Elf:1    | Reached skill level 5 in Hexes
 41254 | Elf:1    | Found a frozen archway.
 41260 | IceCv    | Entered an ice cave
 43114 | Elf:2    | Found a runed translucent gate.
 43114 | Elf:2    | Found a runed translucent gate.
 43114 | Elf:2    | Found a runed translucent gate.
 43568 | Elf:2    | Reached XP level 21. HP: 126/174 MP: 23/35
 43849 | Elf:3    | Entered Level 3 of the Elven Halls
 43948 | Elf:3    | Found a portal to a secret trove of treasure.
 45340 | Elf:3    | Reached skill level 16 in Shields
 45572 | Elf:3    | Identified the +5 scimitar of Compassion {vorpal, rC+}
 45624 | Elf:3    | Identified the +2 mace "Zeaded" {freeze, rN++ Str-3 Stlth+}
 45718 | Elf:3    | Reached skill level 15 in Armour
 45840 | Elf:3    | Identified the +5 whip "Ginilatt" {antimagic, +Fly}
 45841 | Elf:3    | Identified the +5 falchion "Lokugeam" {holy, MR++}
 46012 | Elf:3    | Identified Nuimnoiw's Intricacies of Magic
 46014 | Elf:3    | Identified the Grimoire of Burning Arcane Weapons
 46416 | Vaults:1 | Entered Level 1 of the Vaults
 46537 | Vaults:1 | Identified the +10 war axe of the Magi {drain, +Rage rC+
                  | rN+ Stlth+}
 46557 | Vaults:1 | Reached XP level 22. HP: 130/184 MP: 31/36
 46877 | Vaults:1 | Reached skill level 17 in Shields
 46926 | Vaults:1 | Gained mutation: You are dopey. (Int -2) [a shining eye]
 49333 | Vaults:2 | Found a staircase to the Crypt.
 49577 | Vaults:3 | Reached XP level 23. HP: 191/196 MP: 35/37
 50309 | Vaults:3 | Identified the cursed +1 robe of Undesirable Species {rPois
                  | rF++ Int+2}
 50647 | Vaults:3 | Found Xikaw's Distillery.
 50788 | Vaults:3 | Bought a potion of curing for 42 gold pieces
 50788 | Vaults:3 | Bought a potion of heal wounds for 70 gold pieces
 50788 | Vaults:3 | Bought a potion of curing for 42 gold pieces
 50792 | Vaults:3 | Found Ivera's Assorted Antiques.
 50798 | Vaults:3 | Bought a leatherbound book for 555 gold pieces
 50943 | Vaults:3 | Found Cifeligg's Weapon Boutique.
 51552 | Vaults:4 | Reached skill level 15 in Evocations
 51845 | Vaults:4 | Identified the +4 arbalest of Gluttony {flame, Str+3}
 52101 | Vaults:4 | Reached XP level 24. HP: 204/204 MP: 37/37
 52380 | Vaults:4 | Reached skill level 18 in Shields
 52821 | Depths:1 | Entered Level 1 of the Depths
 53081 | Depths:1 | Reached skill level 19 in Shields
 53159 | Depths:1 | Found Xelizourch's Distillery.
 53174 | Depths:1 | Bought a potion of heal wounds for 70 gold pieces
 53174 | Depths:1 | Bought a potion of heal wounds for 70 gold pieces
 53174 | Depths:1 | Bought a potion of curing for 42 gold pieces
 53174 | Depths:1 | Bought a potion of curing for 42 gold pieces
 53174 | Depths:1 | Bought a potion of curing for 42 gold pieces
 53174 | Depths:1 | Bought a potion of cancellation for 112 gold pieces
 53174 | Depths:1 | Bought a potion of heal wounds for 70 gold pieces
 53366 | Depths:1 | Found a gateway to Hell.
 53367 | Depths:1 | Found Bixtethe's Armour Shop.
 53369 | Depths:1 | Found Vawaklumo's Distillery.
 53381 | Depths:1 | Bought a potion of curing for 66 gold pieces
 53381 | Depths:1 | Bought a potion of curing for 66 gold pieces
 53381 | Depths:1 | Bought a potion of heal wounds for 110 gold pieces
 53381 | Depths:1 | Bought a potion of might for 88 gold pieces
 53438 | Depths:1 | Identified the ring "Erphich" {*Slow Str+6 Dex-3 Slay+5
                  | SInv}
 53517 | Depths:1 | Found Qoaxzoc's Magic Scroll Emporium.
 53521 | Depths:1 | Bought a scroll of fear for 80 gold pieces
 53585 | Depths:1 | Found Bef Uros's Distillery.
 53593 | Depths:1 | Bought a potion of curing for 39 gold pieces
 53593 | Depths:1 | Bought a potion of might for 52 gold pieces
 53593 | Depths:1 | Bought a potion of heal wounds for 65 gold pieces
 53659 | Depths:1 | Noticed a juggernaut
 53684 | Depths:1 | Killed a juggernaut
 53684 | Depths:1 | Reached skill level 20 in Shields
 53718 | Depths:1 | Noticed an ancient lich
 53744 | Depths:1 | Killed an ancient lich
 54425 | Depths:2 | Found a gateway to a ziggurat.
 54481 | Depths:2 | Reached skill level 21 in Shields
 54491 | Depths:2 | Reached XP level 25. HP: 148/210 MP: 24/37
 54985 | Depths:2 | Reached skill level 22 in Shields
 55356 | Depths:2 | Found a radiant altar of Vehumet.
 55363 | Depths:2 | Noticed the Enchantress
 55381 | Depths:2 | Killed the Enchantress
 55526 | Depths:2 | Identified the +4 falchion "Cuedgh" {elec, rN+ Dex+3}
 55527 | Depths:2 | Identified the ring of No Interval {+Fly Int+4}
 55641 | Depths:3 | Identified the ring "Founu" {rPois rF+ MP+9 Dex+6 Slay-6}
 55642 | Depths:3 | Noticed a caustic shrike
 55643 | Depths:3 | Found a runed translucent door.
 55646 | Depths:3 | Noticed Mennas
 55718 | Depths:3 | Killed Mennas
 56156 | Depths:3 | Noticed Margery
 56173 | Depths:3 | Killed Margery
 56910 | Depths:3 | Found a one-way gate leading to the halls of Pandemonium.
 57231 | Depths:3 | Found the +12 Vampire's Tooth {vamp}
 57260 | Depths:3 | Killed a caustic shrike
 57263 | Depths:3 | Reached XP level 26. HP: 190/218 MP: 32/37
 57264 | Depths:3 | Reached skill level 15 in Staves
 57812 | Depths:4 | Found a one-way gate to the infinite horrors of the Abyss.
 58488 | Depths:4 | Found a runed translucent gate.
 58488 | Depths:4 | Found a runed translucent gate.
 58488 | Depths:4 | Found a runed translucent gate.
 58743 | Depths:4 | Found a runed translucent gate.
 58743 | Depths:4 | Found a runed translucent gate.
 58743 | Depths:4 | Found a runed translucent gate.
 59266 | Depths:4 | Noticed an ancient lich
 59266 | Depths:4 | Identified the ring "Peett" {+Blink rF+ rN+}
 59383 | Depths:4 | Killed an ancient lich
 59383 | Depths:4 | Reached skill level 5 in Throwing
 59717 | Depths:5 | Entered Level 5 of the Depths
 59815 | Depths:5 | Noticed a juggernaut
 59831 | Depths:5 | Killed a juggernaut
 59844 | Depths:5 | Reached XP level 27. HP: 224/224 MP: 36/37
 59925 | Depths:5 | Found a gate to the Realm of Zot.
 60424 | Depths:5 | Noticed a juggernaut
 60434 | Depths:5 | Killed a juggernaut
 60903 | Depths:5 | Identified Sif Muna's Catalogue of Terra Cotta
 61003 | Depths:5 | Identified the amulet "Bebuu" {Inacc rN+}
 61012 | Depths:5 | Identified Irhyptiss's Thorough Guide to Spellweaving
 61106 | Depths:5 | Learned a level 3 spell: Lesser Beckoning
 61754 | Lair:5   | Reached skill level 1 in Translocations
 62234 | Depths:4 | Voluntarily entered the Abyss.
 62506 | Abyss:3  | Got an abyssal rune of Zot
 62626 | Depths:4 | Escaped the Abyss
 62938 | Vaults:5 | Entered Level 5 of the Vaults
 63054 | Vaults:5 | Reached skill level 5 in Translocations
 63101 | Vaults:5 | Noticed Sojobo
 63121 | Vaults:5 | Killed Sojobo
 63336 | Vaults:5 | Noticed Bai Suzhen
 63349 | Vaults:5 | Killed Bai Suzhen
 63505 | Vaults:5 | Identified the Incunabulum of the Escort
 63515 | Vaults:5 | Learned a level 7 spell: Malign Gateway
 63751 | Vaults:5 | Identified the +3 scale mail of Lecoux {rElec rF- rCorr
                  | Int+7}
 63752 | Vaults:5 | Found Zasuenuti's Assorted Antiques.
 63763 | Vaults:5 | Reached skill level 10 in Summonings
 63788 | Vaults:5 | Learned a level 5 spell: Aura of Abjuration
 63790 | Vaults:5 | Bought a potion of curing for 60 gold pieces
 63917 | Vaults:5 | Identified the +7 hand axe of Lovog {vorpal, Dex+8}
 63930 | Vaults:5 | Identified the +9 great sword "Kablaqod" {speed, +Blink}
 64130 | Vaults:5 | Identified the +7 scimitar of Peril {vorpal, *Drain +Rage
                  | rF+ rN++}
 64779 | Vaults:5 | Got a silver rune of Zot
 65161 | Zot:1    | Entered Level 1 of the Realm of Zot
 65693 | Zot:1    | Reached skill level 10 in Translocations
 67128 | Snake:3  | Bought the cursed ring of Xom's Passing Interest {rElec
                  | Str-4 Int+4 Slay-3} for 81 gold pieces
 68011 | Zot:2    | Noticed an orb of fire
 68160 | Zot:2    | Found a runed translucent door.
 68160 | Zot:2    | Found a shimmering altar of Xom.
 68160 | Zot:2    | Noticed acepyromaniac2's ghost (legendary MiBe)
 68161 | Zot:2    | Identified the cursed +0 long sword of Watchfulness {flame,
                  | *Corrode rC++ MR+++ Dex-2}
 69732 | Zot:3    | Identified the +8 war axe "Numesot" {speed, rPois rN+
                  | Dex-5}
 72317 | Zot:5    | Entered Level 5 of the Realm of Zot
 73059 | Zot:5    | Found a shimmering altar of Xom.
 73145 | Zot:5    | Reached skill level 15 in Summonings
 73219 | Zot:5    | Noticed an ancient lich
 73233 | Zot:5    | Killed an ancient lich
 73265 | Zot:5    | Noticed an orb of fire
 73282 | Zot:5    | Killed an orb of fire
 73282 | Zot:5    | Reached skill level 15 in Spellcasting
 73282 | Zot:5    | Noticed an orb of fire
 73287 | Zot:5    | Gained mutation: You occasionally shout uncontrollably at
                  | your foes. [an orb of fire]
 73290 | Zot:5    | Gained mutation: Your body sometimes deteriorates upon
                  | taking damage. [an orb of fire]
 73291 | Zot:5    | Killed an orb of fire
 73291 | Zot:5    | Noticed an orb of fire
 73294 | Zot:5    | Gained mutation: You are clumsy. (Dex -2) [an orb of fire]
 73299 | Zot:5    | Killed an orb of fire
 73309 | Zot:5    | Noticed an ancient lich
 73315 | Zot:5    | Killed an ancient lich
 73315 | Zot:5    | Noticed a Killer Klown
 73329 | Zot:5    | Killed a Killer Klown
 73329 | Zot:5    | Noticed an orb of fire
 73334 | Zot:5    | Killed an orb of fire
 73334 | Zot:5    | Noticed a Killer Klown
 73338 | Zot:5    | Killed a Killer Klown
 73338 | Zot:5    | Noticed a Killer Klown
 73347 | Zot:5    | Killed a Killer Klown
 73390 | Zot:5    | Noticed a Killer Klown
 73390 | Zot:5    | Noticed a Killer Klown
 73391 | Zot:5    | Noticed a Killer Klown
 73400 | Zot:5    | Noticed an ancient lich
 73400 | Zot:5    | Noticed a Killer Klown
 73403 | Zot:5    | Noticed an ancient lich
 73407 | Zot:5    | p0werm0de: und täglich grüßt das murmeltier
 73442 | Zot:5    | Killed a Killer Klown
 73463 | Zot:5    | Killed a Killer Klown
 73488 | Zot:5    | Killed a Killer Klown
 73498 | Zot:5    | Killed a Killer Klown
 73528 | Zot:5    | Killed an ancient lich
 73572 | Zot:5    | Killed an ancient lich
 74294 | Vaults:3 | Bought a potion of mutation for 112 gold pieces
 74294 | Vaults:3 | Bought a potion of mutation for 112 gold pieces
 74294 | Vaults:3 | Bought a potion of stabbing for 56 gold pieces
 74514 | Orc:2    | Bought a scroll of immolation for 45 gold pieces
 74514 | Orc:2    | Bought a potion of mutation for 104 gold pieces
 75698 | Zot:3    | Lost mutation: You are clumsy. (Dex -2) [potion of
                  | mutation]
 75698 | Zot:3    | Lost mutation: You are dopey. (Int -2) [potion of mutation]
 75698 | Zot:3    | Lost mutation: Your body sometimes deteriorates upon taking
                  | damage. [potion of mutation]
 75698 | Zot:3    | Gained mutation: You are agile. (Dex +2) [potion of
                  | mutation]
 75698 | Zot:3    | Gained mutation: You are partially covered in rugged brown
                  | scales. (AC +1, +3% HP) [potion of mutation]
 75698 | Zot:3    | Gained mutation: Your mind is acute. (Int +2) [potion of
                  | mutation]
 75797 | Zot:5    | grindst0ne: got some real popcorn ready for this moment of
                  | glory
 75809 | Zot:5    | Noticed an orb of fire
 75841 | Zot:5    | bmfx: damn
 75841 | Zot:5    | grindst0ne: sick
 75844 | Zot:5    | Gained mutation: You possess an exceptional clarity of
                  | mind. [an orb of fire]
 75845 | Zot:5    | Killed from afar by an orb of fire
